 Dungeon Crawl Stone Soup version 0.20-a0-449-g96be121 (webtiles) character file.

2 Gorice the Vexing (level 1, -3/15 HPs)
             Began as a Demonspawn Arcane Marksman on Jan 7, 2017.
             Slain by a goblin
             ... wielding a cursed -1 club
              (6 damage)
             ... on level 1 of the Dungeon.
             The game lasted 00:00:42 (102 turns).

Gorice the Vexing (Demonspawn Arcane Marksman)       Turns: 102, Time: 00:00:43

Health: -3/15      AC:  2    Str: 10    XL:     1   Next: 33%
Magic:  0/2        EV: 12    Int: 14    God:
Gold:   0          SH:  0    Dex: 13    Spells: 1/2 levels left

rFire  . . .     SeeInvis .     (no weapon)
rCold  . . .     Gourm    .     a - +0 robe
rNeg   . . .     Faith    .     (no shield)
rPois  .         Spirit   .     (no helmet)
rElec  .         Reflect  .     (no cloak)
rCorr  .         Harm     .     (no gloves)
MR     .....                    (no boots)
Stlth  +.........               (no amulet)
                                (no ring)
                                (no ring)

@: no status effects
A: no striking features
a: no special abilities


You were on level 1 of the Dungeon.
You were not hungry.

You visited 1 branch of the dungeon, and saw 1 of its levels.

Inventory:

Missiles
 c - 5 javelins (quivered)
 d - 23 bolts
 Y - 2 throwing nets
 Z - 16 stones
Armour
 a - a +0 robe (worn)
Books
 b - a book of Debilitation
Comestibles
 f - a bread ration {!e}


   Skills:
 + Level 1.4 Fighting
 - Level 1.7 Throwing
 - Level 1.7 Dodging
 - Level 1.0 Spellcasting
 - Level 3.0 Hexes


You had one spell level left.
You knew the following spells:

 Your Spells              Type           Power        Failure   Level  Hunger
a - Corona                Hex            #......      10%         1    ##.....


Dungeon Overview and Level Annotations

Branches:
Dungeon (1/15)

Altars:


Message History

You don't have enough magic to cast that spell.
Casting: Corona
Confirm with . or Enter, or press ? or * to list all spells.
You don't have enough magic to cast that spell.
Casting: Corona
Confirm with . or Enter, or press ? or * to list all spells.
You don't have enough magic to cast that spell.
Unknown command.
You hit the hobgoblin but do no damage. The hobgoblin closely misses you.
You hit the hobgoblin but do no damage. The hobgoblin barely misses you.
You hit the hobgoblin.
The hobgoblin is moderately wounded.
The hobgoblin closely misses you.
You hit the hobgoblin but do no damage.
The hobgoblin is moderately wounded.
The hobgoblin hits you but does no damage.
You barely miss the hobgoblin.
The hobgoblin is moderately wounded.
The goblin hits you but does no damage. The hobgoblin misses you.
You hit the hobgoblin.
The hobgoblin is heavily wounded.
The hobgoblin stops glowing.
The goblin closely misses you. The hobgoblin misses you.
You barely miss the hobgoblin.
The hobgoblin is heavily wounded.
The goblin hits you but does no damage. The hobgoblin barely misses you.
You hit the hobgoblin but do no damage.
The hobgoblin is heavily wounded.
The goblin hits you but does no damage. The hobgoblin hits you with a club.
* * * LOW HITPOINT WARNING * * *
Damage: 3 (max 7)
You barely miss the hobgoblin.
The hobgoblin is heavily wounded.
The goblin closely misses you.
You hit the hobgoblin.
The hobgoblin is almost dead.
The hobgoblin closely misses you. The goblin closely misses you.
You hit the hobgoblin.
You kill the hobgoblin!
The goblin closely misses you.
Things that are here:
a club; a hobgoblin corpse; a rat corpse Sorry, you're not good enough to have a special ability.
Casting: Corona
Confirm with . or Enter, or press ? or * to list all spells.
Aiming: Corona
Press: ? - help, Shift-Dir - straight line, f - goblin
Aim: a goblin, wielding a club (chance to defeat MR: 62%)
The goblin struggles to resist.
The goblin hits you with a club.
You die...

#########
#..).g@.########
####.#####........#######
#........................
#.#..##.....#####...#####
#.#..#####..# #.#.....#
#.#.........# #g..###.#
#.#.#######.# #..## #.#.#
#..........# #.#.#
##.#####...)#


You could see a goblin.

Vanquished Creatures
  A hobgoblin (D:1)
  2 rats (D:1)
3 creatures vanquished.

Notes
Turn   | Place    | Note
-------+----------+-------------------------------------------
     0 | D:1      | Gorice the Demonspawn Arcane Marksman began the quest for the Orb.
     0 | D:1      | Reached XP level 1. HP: 15/15 MP: 2/2
    94 | D:1      | HP: 2/15 [hobgoblin/club (3)]
   102 | D:1      | Slain by a goblin

Vault maps used:
D:1:      lemuel_arrival_behind_the_door_small

Action                   || total
-------------------------++-------
Melee: Unarmed           ||    21
 Cast: Corona            ||     5
Armor: Robe              ||     1
Dodge: Dodged            ||    17

Table legend:
 A = Turns spent in this place as a percentage of turns spent in the entire game.
 B = Non-inter-level travel turns spent in this place as a percentage of non-inter-level travel turns spent in the entire game.
 C = Inter-level travel turns spent in this place as a percentage of turns spent in this place.
 D = Turns resting spent in this place as a percentage of non-inter-level travel turns spent in this place.
 E = Turns spent auto-exploring this place as a percentage of non-inter-level travel turns spent in this place.
 F = Non-inter-level travel turns spent in this place divided by the number of levels of this place that you've seen.
                   A       B       C       D       E      F
               +-------+-------+-------+-------+-------+----------------------
         Total | 100.0 | 100.0 |   0.0 |   0.0 |   2.5 | 118.0
       Dungeon | 100.0 | 100.0 |   0.0 |   0.0 |   2.5 | 118.0
               +-------+-------+-------+-------+-------+----------------------

Vault maps used:
D:1:      lemuel_arrival_behind_the_door_small
